 Dungeon Crawl Stone Soup version 0.23.1 (webtiles) character file.

Game seed: 14162000482821177247

203 Borgoz the Sneak (level 5, 0/41 HPs)
             Began as a Ghoul Enchanter on Mar 4, 2019.
             Slain by an orc
             ... wielding a +0 hand axe
              (6 damage)
             ... on level 4 of the Dungeon.
             The game lasted 00:11:54 (3170 turns).

Borgoz the Sneak (Ghoul Enchanter)                  Turns: 3170, Time: 00:11:54

Health: 0/41       AC:  4    Str: 12      XL:     5   Next: 81%
Magic:  1/7        EV: 17    Int: 10      God:
Gold:   166        SH:  0    Dex: 13 (15) Spells: 2/8 levels left

rFire    . . .     SeeInvis .   a - +3 short sword (drain)
rCold    + . .     Gourm    .   (no shield)
rNeg     + + +     Faith    .   e - +0 leather armour
rPois    ∞         Spirit   .   m - +0 helmet
rElec    .         Reflect  .   (no cloak)
rCorr    .         Harm     .   (no gloves)
MR       .....                  (no boots)
Stlth    +++.......             g - amulet of regeneration
HPRegen  0.00/turn              (no ring)
MPRegen  0.10/turn              (no ring)

@: agile, very slightly contaminated, rotting, hasted, very quick
A: rotting body, claws 1, carnivore, cold resistance 1, negative energy
resistance 3, inhibited regeneration, torment resistance, unbreathing
a: no special abilities


You were on level 4 of the Dungeon.
You were not hungry.

You visited 1 branch of the dungeon, and saw 4 of its levels.

You collected 166 gold pieces.

Inventory:

Hand Weapons
 a - a +3 short sword of draining (weapon)
 b - a +0 blowgun
Missiles
 h - 39 poisoned needles
 p - 9 tomahawks (quivered)
Armour
 e - a +0 leather armour (worn)
 m - a +0 helmet (worn)
Jewellery
 g - an amulet of regeneration (around neck)
Scrolls
 f - 2 scrolls of enchant weapon
 n - a scroll of amnesia {unknown}
 q - a scroll of remove curse
Potions
 l - a potion of brilliance
Comestibles
 d - 4 rations


   Skills:
 + Level 1.7 Fighting
 * Level 2.7 Short Blades
 * Level 3.1 Dodging
 + Level 3.9 Stealth
 + Level 2.2 Spellcasting
 + Level 2.8 Hexes


You had 2 spell levels left.
You knew the following spells:

 Your Spells              Type           Power        Failure   Level  Hunger
a - Corona                Hex            #......      12%         1    ##.....
b - Ensorcelled Hibernat  Hex/Ice        #.....       32%         2    ###....
c - Confuse               Hex            #.......     36%         3    ####...

Your spell library contained the following spells:

 Spells                   Type           Power        Failure   Level  Hunger
 Tukima's Dance           Hex            #.......     36%         3    ####...
 Dazzling Spray           Conj/Hex       #.....       54%         3    ####...


Dungeon Overview and Level Annotations

Branches:
Dungeon (4/15)
 Temple: D:4-7

Altars:
Xom
Yredelemnul


Innate Abilities, Weirdness & Mutations

Your body is rotting away.
You thrive on raw meat.
You are immune to poison.
You have sharp fingernails.
You are carnivorous and can eat meat at any time.
Your flesh is cold resistant. (rC+)
You are immune to negative energy. (rN+++)
You do not regenerate when monsters are visible.
You are immune to unholy pain and torment.
You can survive without breathing.


Message History

The orc wizard easily resists.
The orc wizard mumbles some strange words.
The orc wizard flickers and vanishes!
Deactivating autopickup; reactivate with Ctrl-A.
The orc barely misses you.
You closely miss something.
You hear some strange, mumbled words.
Something tries to affect you, but you resist.
You miss something. The orc closely misses you.
You hear some strange, mumbled words.
A magic dart appears from out of thin air!
The magic dart hits you!
* * * LOW HITPOINT WARNING * * *
Okay, then.
It was a potion of agility.
You feel agile all of a sudden. The orc closely misses you.
Something completely misses you.
It was a potion of haste.
You feel yourself speed up. The orc hits you with a +0 hand axe.
You die...

...### ... #.....
..# +...?.###### #
#..........# #
#..........#######
#
#................#
#
#................#
#
#....{)o.#.#...>.#
#
###.##@..)_......#
o. #...#.#.....# .
##..........#
#..........#
#..........# #.#
#..........# #.#
#..........####.#
+..........'..#.#
#..........##.#.#


You could see an orc.

Vanquished Creatures
  A hound (D:4)
  Jessica (D:3)
  A hound skeleton (D:2)
  Robin (D:3)
  2 adders (D:2)
  4 worms (D:3)
  A leopard gecko (D:1)
  8 orcs
  2 ball pythons
  6 bats
  5 giant cockroaches
  11 goblins
  13 hobgoblins
  3 jackals (D:3)
  A quokka (D:2)
  2 frilled lizards
  10 kobolds
  7 rats
79 creatures vanquished.

Notes
Turn   | Place    | Note
-------+----------+-------------------------------------------
     0 | D:1      | Borgoz the Ghoul Enchanter began the quest for the Orb.
     0 | D:1      | Reached XP level 1. HP: 14/14 MP: 2/2
    26 | D:1      | Reached skill level 1 in Short Blades
   289 | D:1      | Reached XP level 2. HP: 19/22 MP: 3/3
   298 | D:1      | Learned a level 2 spell: Ensorcelled Hibernation
  1299 | D:2      | Reached XP level 3. HP: 26/27 MP: 4/4
  1441 | D:2      | Reached skill level 1 in Fighting
  1635 | D:2      | Reached XP level 4. HP: 21/35 MP: 5/5
  1788 | D:2      | Found a shimmering altar of Xom.
  1907 | D:3      | Noticed Robin
  2310 | D:3      | Noticed Jessica
  2330 | D:3      | Killed Jessica
  2330 | D:3      | Reached XP level 5. HP: 31/40 MP: 1/7
  2497 | D:3      | Killed Robin
  3034 | D:4      | Learned a level 3 spell: Confuse
  3137 | D:4      | Found a basalt altar of Yredelemnul.
  3170 | D:4      | Slain by an orc

Skill      XL: |  1  2  3  4  5 |
---------------+----------------+-----
Short Blades   | 1 2 |  2.7
Dodging        | 2 3 |  3.1
Fighting       | 1 |  1.7
Spellcasting   | 2 |  2.2
Stealth        | |  3.9
Hexes          | |  2.8

Action                   |  1- 3 |  4- 6 || total
-------------------------+-------+-------++-------
Melee: Dagger            |   146 |   197 ||   343
       Short sword       |       |    44 ||    44
 Cast: Corona            |     2 |       ||     2
       Ensorcelled Hiber |     5 |     9 ||    14
  Use: Potion            |     3 |     2 ||     5
       Scroll            |     2 |     2 ||     4
 Stab: Sleeping          |     7 |     8 ||    15
  Eat: Chunk             |    17 |    16 ||    33
Armor: Robe              |    21 |       ||    21
       Leather armour    |    12 |    70 ||    82
Dodge: Dodged            |    79 |   179 ||   258
